AoeStats
← connienbb

Black Forest

504662274Analyzed
4v4 RM · 26d ago on Sep 6, 2026· 54m 35s· 8 players
Game mode
Random Map
Map size
Large (8 player)
Population
200
Speed
Normal
Resources
Standard
Victory
Conquest
Starting age
Dark Age
Ending age
Imperial Age
RankedLock teamsTeams togetherTeam positionsShared explorationLock speedFull tech treeHidden civsTurbo modeCheats
Victory
Defeat
🇨🇴 Persians · Colombia
852
+12
🇦🇺 Khmer · Australia
844
+12
🇨🇳 Celts · China
746
+16
🇭🇰 Jurchens · Hong Kong SAR China
693
+18
🇺🇸 Persians · United States
870
-19
🇨🇱 Dravidians · Chile
716
-13
🇭🇺 Vietnamese · Hungary
711
-13
🇨🇱 Khmer · Chile
701
-13
oscarivanrt1
0:41 Loom
12:08 Feudal Age
12:36 Double-Bit Axe
14:06 Wheelbarrow
14:13 Horse Collar
21:13 Castle Age
19:35 Town Watch
22:09 Hand Cart
22:22 Bow Saw
22:14 Heavy Plow
26:59 Gold Mining
28:20 Gold Shaft Mining
31:33 Stone Mining
34:58 Imperial Age
32:32 Town Patrol
33:50 Squires
33:11 Pikeman
34:20 Scale Barding Armor
34:26 Forging
35:40 Ballistics
36:21 Chemistry
35:15 Fletching
35:25 Padded Archer Armor
35:46 Chain Barding Armor
35:09 Cavalier
36:00 Bloodlines
35:50 Husbandry
37:41 Two-Man Saw
37:20 Stone Shaft Mining
37:19 Crop Rotation
38:16 Savar
39:37 Iron Casting
41:59 Caravan
44:08 Gambesons
44:47 Halberdier
48:22 Elite Skirmisher
抽风Crazy
0:47 Loom
13:22 Feudal Age
14:34 Double-Bit Axe
17:58 Castle Age
15:40 Horse Collar
16:32 Gold Mining
17:57 Wheelbarrow
17:15 Stone Mining
19:59 Bow Saw
25:32 Heavy Plow
32:30 Imperial Age
31:03 Stone Shaft Mining
31:06 Gold Shaft Mining
33:35 Capped Ram
34:24 Caravan
34:35 Guilds
35:13 Treadmill Crane
36:34 Chemistry
35:41 Heavy Scorpion
37:20 Siege Engineers
38:41 Furor Celtica
40:19 Siege Ram
44:37 Ballistics
connienbb
0:47 Loom
13:49 Feudal Age
14:21 Double-Bit Axe
14:31 Gold Mining
17:05 Stone Mining
17:56 Horse Collar
21:09 Fletching
26:00 Castle Age
33:20 Bow Saw
33:19 Heavy Plow
46:03 Wheelbarrow
48:12 Bodkin Arrow
48:25 Scale Barding Armor
48:32 Forging
50:05 Squires
54:22 Treadmill Crane
54:39 Murder Holes
55:06 Ballistics
54:55 Siege Engineers
55:01 Masonry
55:03 Fortified Wall
riversyde
11:23 Feudal Age
10:46 Loom
12:05 Horse Collar
12:57 Double-Bit Axe
16:41 Castle Age
17:00 Gold Mining
18:06 Bloodlines
17:56 Husbandry
18:43 Bow Saw
21:56 Stone Mining
23:06 Wheelbarrow
24:56 Light Cavalry
26:37 Heavy Plow
28:08 Forging
29:38 Iron Casting
29:09 Scale Barding Armor
31:27 Hand Cart
33:55 Imperial Age
32:24 Town Watch
33:16 Chain Barding Armor
32:57 Fletching
33:09 Padded Archer Armor
35:06 Ballistics
35:18 Conscription
35:24 Elite Ballista Elephant
35:46 Capped Ram
37:36 Bodkin Arrow
38:42 Blast Furnace
38:22 Siege Engineers
38:43 Hussar
40:32 Chemistry
39:45 Masonry
39:55 Double Crossbow
41:27 Heavy Scorpion
42:50 Architecture
42:16 Murder Holes
MoroseZeus50
0:32 Loom
13:07 Feudal Age
14:19 Wheelbarrow
16:07 Horse Collar
16:18 Double-Bit Axe
20:02 Castle Age
22:01 Hand Cart
22:02 Bow Saw
21:57 Heavy Plow
34:31 Imperial Age
33:46 Thumb Ring
33:11 Crossbowman
34:10 Kamandaran
34:22 Padded Archer Armor
34:15 Fletching
35:56 Conscription
35:58 Forging
35:54 Scale Barding Armor
36:05 Leather Archer Armor
35:46 Bodkin Arrow
38:08 Iron Casting
37:53 Chain Barding Armor
37:39 Elite War Elephant
39:50 Ring Archer Armor
39:51 Caravan
41:48 Blast Furnace
41:44 Plate Barding Armor
55:05 Citadels
Jacrew
1:03 Loom
13:20 Feudal Age
13:47 Double-Bit Axe
13:43 Horse Collar
20:22 Castle Age
19:25 Stone Mining
20:52 Wheelbarrow
21:03 Wheelbarrow
28:10 Fletching
31:05 Town Watch
38:00 Imperial Age
37:25 Hand Cart
37:33 Hand Cart
37:32 Heavy Plow
39:06 Onager
42:15 Ballistics
43:01 Conscription
44:56 Fortified Wall
45:20 Masonry
46:48 Bodkin Arrow
juhamate7
0:57 Loom
12:42 Feudal Age
16:26 Castle Age
17:54 Double-Bit Axe
20:55 Horse Collar
25:07 Bow Saw
28:19 Wheelbarrow
31:40 Caravan
32:10 Coinage
34:10 Heavy Plow
34:38 Hand Cart
34:10 Town Watch
35:05 Gold Mining
35:05 Stone Mining
38:37 Imperial Age
35:35 Pikeman
36:16 Squires
36:02 Arson
36:25 Husbandry
36:36 Bloodlines
36:52 Town Patrol
40:19 Chemistry
39:02 Halberdier
40:32 Crop Rotation
39:28 Elite Battle Elephant
39:32 Elite Fire Lancer
42:11 Fletching
42:21 Padded Archer Armor
42:32 Forging
42:23 Scale Mail Armor
42:33 Siege Engineers
42:23 Heated Shot
43:07 Ballistics
42:33 Arrowslits
43:46 Elite Rattan Archer
46:19 Bodkin Arrow
46:39 Leather Archer Armor
47:00 Iron Casting
46:40 Chain Mail Armor
46:30 Scale Barding Armor
46:08 Treadmill Crane
48:00 Bracer
48:30 Ring Archer Armor
49:12 Chatras
49:33 Paper Money
Onox17
0:30 Loom
15:00 Feudal Age
27:38 Castle Age
26:54 Forging
26:35 Fletching
26:51 Scale Barding Armor
26:39 Horse Collar
26:48 Double-Bit Axe
27:02 Gold Mining
27:03 Stone Mining
36:52 Husbandry
37:06 Bloodlines
39:35 Imperial Age
38:32 Heavy Plow
40:16 Wheelbarrow
39:27 Town Watch
41:43 Conscription
41:46 Hand Cart
41:31 Town Patrol
42:37 Ballistics
42:13 Murder Holes
43:42 Chemistry
42:49 Tusk Swords
46:20 Iron Casting
45:44 Bodkin Arrow
49:29 Chain Barding Armor
50:11 Blast Furnace
49:13 Bracer
50:48 Plate Barding Armor
Connection lost

Rejoining the realm…

Still unreachable

The connection could not be restored.

Session expired

The server has moved on; the page needs a fresh start.